AoeStats
← _Orca_

Arabia

506823322Analyzed
2v2 RM · 17d ago on Sep 15, 2026· 24m 28s· 4 players
Game mode
Random Map
Map size
Medium (4 player)
Population
200
Speed
Normal
Resources
Standard
Victory
Conquest
Starting age
Dark Age
Ending age
Imperial Age
RankedLock teamsTeams togetherTeam positionsShared explorationLock speedFull tech treeHidden civsTurbo modeCheats
Victory
Defeat
🇹🇼 Wei · Taiwan
1309
+16
🇧🇩 Jurchens · Bangladesh
1285
+17
🇺🇸 Ethiopians · United States
1322
-17
🇩🇪 Magyars · Germany
1302
-16
_Orca_
6:16 Loom
8:53 Feudal Age
14:45 Scale Barding Armor
14:56 Forging
15:35 Double-Bit Axe
17:25 Fletching
21:06 Bloodlines
24:52 Castle Age
23:47 Horse Collar
23:59 Gold Mining
stevenmin830605
6:57 Loom
10:01 Feudal Age
10:37 Double-Bit Axe
10:33 Horse Collar
16:32 Forging
18:22 Bloodlines
19:34 Scale Barding Armor
25:40 Castle Age
24:30 Gold Mining
24:52 Stone Mining
24:56 Fletching
FunMeh
8:17 Loom
10:39 Feudal Age
11:19 Double-Bit Axe
12:22 Horse Collar
16:16 Wheelbarrow
17:04 Bloodlines
20:08 Scale Barding Armor
24:45 Castle Age
dl_cucga
6:34 Loom
9:16 Feudal Age
12:00 Double-Bit Axe
19:44 Castle Age
18:01 Horse Collar
20:17 Crossbowman
21:22 Fletching
22:10 Bodkin Arrow
22:27 Squires
23:24 Padded Archer Armor
Connection lost

Rejoining the realm…

Still unreachable

The connection could not be restored.

Session expired

The server has moved on; the page needs a fresh start.